Workbook
Name _Fill: #REF!
Name AnnualSavings: #REF!
Name AñoEscolar: YEAR(TODAY())&" - "&YEAR(TODAY())+1
Name BiWeeklySavings: #REF!
Name BiWeeksUntilEvent: #REF!
Name chart_balance: OFFSET('[1]8 Simulador de préstamos'!$G$19,2,0,'[1]8 Simulador de préstamos'!$G$8,1)
Name chart_balance_noextra: FV(rate,chart_nper,payment,-loan_amount)
Name chart_date: OFFSET('[1]8 Simulador de préstamos'!$B$19,2,0,'[1]8 Simulador de préstamos'!$G$8,1)
Name chart_nper: ROW(OFFSET('[1]8 Simulador de préstamos'!$A$1,0,0,nper,1))
Name Comprobantes: '[2]Tabla de Comprobantes'!$A$3:$A$65
Name Costo_Fijo_1: #REF!
Name Costo_Fijo_2: #REF!
Name Costo_Variable_1: #REF!
Name Costo_Variable_2: #REF!
Name DailySavings: #REF!
Name DateSavingsBegin: #REF!
Name DíasHastaElEvento: #REF!
Name EventoCosto: #REF!
Name FechaDelEvento: #REF!
Name fpdate: #REF!
Name frequency: {"Annually";"Semi-Annually";"Quarterly";"Bi-Monthly";"Monthly";"Semi-Monthly";"Bi-Weekly"}
Name ImporteAhorrado: #REF!
Name Lista_períodos: [3]!Períodos[Dato 2]
Name Lista2_períodos: [3]!Períodos[Dato 1]
Name loan_amount: #REF!
Name Meta: #REF!
Name MonthlySavings: #REF!
Name months_per_period: INDEX({12,6,3,2,1,0.5,0.5},MATCH('[1]8 Simulador de préstamos'!$D$9,frequency,0))
Name MonthsUntilEvent: #REF!
Name nper: term*periods_per_year
Name payment: #REF!
Name PC: '[2]Tabla de Comprobantes'!$E$3:$E$14
Name Períodos2: [3]Auxiliar!$A$14:$A$16
Name periods_per_year: INDEX({1,2,4,6,12,24,26},MATCH('[1]8 Simulador de préstamos'!$D$9,frequency,0))
Name rate: #REF!
Name SavingFrequency: #REF!
Name SavingsPlanInfo: IF(SavingFrequency="Semanal",WeeklySavings,IF(SavingFrequency="Quincenal",BiWeeklySavings,IF(SavingFrequency="Mensual",MonthlySavings,AnnualSavings)))
Name SavingsToDate: #REF!
Name SumaArtículosComprados: COUNTIF('[4]15'!$G$9:$G$38,">0")
Name SumaArtículosComprar: COUNTIF('[4]15'!$E$9:$E$38,">0")
Name term: #REF!
Name TítuloDeColumna1: '14. Prespuesto gastos hijos'!$B$8
Name TítuloFilaRegión1..C7: '14. Prespuesto gastos hijos'!$B$4
Name TotalListaComprobación: SUM('[4]15'!$H$9:$H$38)
Name WeeklySavings: #REF!
Name WeeksUntilEvent: #REF!
Name YearsUntilEvent: #REF!

Sheet 14. Prespuesto gastos hijos
B2: Prespuesto de gastos de los hijos
B3: Resumen del presupuesto
B4: Presupuesto | C4: 2500000
B5: Total de Lista gastos | C5: =IFERROR(SUM(TotalListaComprobación), "")
B6: Saldo disponible | C6: =IFERROR(C4-C5, "")
B7: Colegio | C7: colegio, actividades extracurriculares, ropa y ocio. | L7: Categorías
B8: Artículo | C8: Categoría | D8: Cantidad | E8: Comprar | F8: Precio | G8: Comprado | H8: Coste total | L8: Libros de texto
B9: Matemáticas | C9: Libros de texto | D9: 1 | E9: 1 | F9: 55000 | G9: 1 | H9: =IFERROR('14. Prespuesto gastos hijos'!$D$9:$D$38*'14. Prespuesto gastos hijos'!$F$9:$F$38, "") -> 55000 | L9: Material escolar
B10: Inglés | C10: Libros de texto | D10: 1 | E10: 1 | F10: 78000 | H10: =IFERROR('14. Prespuesto gastos hijos'!$D$9:$D$38*'14. Prespuesto gastos hijos'!$F$9:$F$38, "") -> 78000 | L10: Ropa
B11: Mochila | C11: Material escolar | D11: 1 | F11: 150000 | H11: =IFERROR('14. Prespuesto gastos hijos'!$D$9:$D$38*'14. Prespuesto gastos hijos'!$F$9:$F$38, "") -> 150000 | L11: Entretenimento
B12: Calculadora | C12: Material escolar | D12: 1 | F12: 30000 | H12: =IFERROR('14. Prespuesto gastos hijos'!$D$9:$D$38*'14. Prespuesto gastos hijos'!$F$9:$F$38, "") -> 30000 | L12: Extracurrcular
B13: Marcadores | C13: Material escolar | D13: 3 | F13: 2000 | H13: =IFERROR('14. Prespuesto gastos hijos'!$D$9:$D$38*'14. Prespuesto gastos hijos'!$F$9:$F$38, "") -> 6000
B14: Ropa y uniformes | H14: =IFERROR('14. Prespuesto gastos hijos'!$D$9:$D$38*'14. Prespuesto gastos hijos'!$F$9:$F$38, "") -> 0
B15: Uniforme | C15: Ropa | D15: 2 | E15: 1 | F15: 300000 | H15: =IFERROR('14. Prespuesto gastos hijos'!$D$9:$D$38*'14. Prespuesto gastos hijos'!$F$9:$F$38, "") -> 600000
B16: Camisa | C16: Ropa | D16: 4 | F16: 30000 | H16: =IFERROR('14. Prespuesto gastos hijos'!$D$9:$D$38*'14. Prespuesto gastos hijos'!$F$9:$F$38, "") -> 120000
B17: Camisetas | C17: Ropa | D17: 5 | F17: 40000 | H17: =IFERROR('14. Prespuesto gastos hijos'!$D$9:$D$38*'14. Prespuesto gastos hijos'!$F$9:$F$38, "") -> 200000
B18: Pantalones cortos | C18: Ropa | D18: 2 | F18: 30000 | H18: =IFERROR('14. Prespuesto gastos hijos'!$D$9:$D$38*'14. Prespuesto gastos hijos'!$F$9:$F$38, "") -> 60000
B19: Zapatillas | C19: Ropa | D19: 2 | E19: 1 | F19: 120000 | H19: =IFERROR('14. Prespuesto gastos hijos'!$D$9:$D$38*'14. Prespuesto gastos hijos'!$F$9:$F$38, "") -> 240000
B20: Calcetines | C20: Ropa | D20: 10 | F20: 8000 | H20: =IFERROR('14. Prespuesto gastos hijos'!$D$9:$D$38*'14. Prespuesto gastos hijos'!$F$9:$F$38, "") -> 80000
B21: Chaqueta | C21: Ropa | D21: 1 | E21: 1 | F21: 120000 | H21: =IFERROR('14. Prespuesto gastos hijos'!$D$9:$D$38*'14. Prespuesto gastos hijos'!$F$9:$F$38, "") -> 120000
B22: Jerséis | C22: Ropa | D22: 1 | F22: 80000 | H22: =IFERROR('14. Prespuesto gastos hijos'!$D$9:$D$38*'14. Prespuesto gastos hijos'!$F$9:$F$38, "") -> 80000
B23: Sudaderas | C23: Ropa | D23: 1 | F23: 60000 | H23: =IFERROR('14. Prespuesto gastos hijos'!$D$9:$D$38*'14. Prespuesto gastos hijos'!$F$9:$F$38, "") -> 60000
B24: Ropa interior | C24: Ropa | D24: 10 | F24: 9000 | H24: =IFERROR('14. Prespuesto gastos hijos'!$D$9:$D$38*'14. Prespuesto gastos hijos'!$F$9:$F$38, "") -> 90000
B25: Abrigo | C25: Ropa | D25: 1 | E25: 1 | F25: 150000 | H25: =IFERROR('14. Prespuesto gastos hijos'!$D$9:$D$38*'14. Prespuesto gastos hijos'!$F$9:$F$38, "") -> 150000
B26: Extracurriculares - Entretenimiento | H26: =IFERROR('14. Prespuesto gastos hijos'!$D$9:$D$38*'14. Prespuesto gastos hijos'!$F$9:$F$38, "") -> 0
B27: Clases de pintura | C27: Extracurrcular | D27: 1 | F27: 110000 | H27: =IFERROR('14. Prespuesto gastos hijos'!$D$9:$D$38*'14. Prespuesto gastos hijos'!$F$9:$F$38, "") -> 110000
B28: Club de deporte | C28: Extracurrcular | D28: 1 | F28: 120000 | H28: =IFERROR('14. Prespuesto gastos hijos'!$D$9:$D$38*'14. Prespuesto gastos hijos'!$F$9:$F$38, "") -> 120000
B29: Clases de refuerzo | C29: Extracurrcular | D29: 1 | F29: 200000 | H29: =IFERROR('14. Prespuesto gastos hijos'!$D$9:$D$38*'14. Prespuesto gastos hijos'!$F$9:$F$38, "") -> 200000
B30: Parque de diversiones | C30: Entretenimento | D30: 1 | F30: 180000 | H30: =IFERROR('14. Prespuesto gastos hijos'!$D$9:$D$38*'14. Prespuesto gastos hijos'!$F$9:$F$38, "") -> 180000
H31: =IFERROR('14. Prespuesto gastos hijos'!$D$9:$D$38*'14. Prespuesto gastos hijos'!$F$9:$F$38, "") -> 0
H32: =IFERROR('14. Prespuesto gastos hijos'!$D$9:$D$38*'14. Prespuesto gastos hijos'!$F$9:$F$38, "") -> 0
H33: =IFERROR('14. Prespuesto gastos hijos'!$D$9:$D$38*'14. Prespuesto gastos hijos'!$F$9:$F$38, "") -> 0
H34: =IFERROR('14. Prespuesto gastos hijos'!$D$9:$D$38*'14. Prespuesto gastos hijos'!$F$9:$F$38, "") -> 0
H35: =IFERROR('14. Prespuesto gastos hijos'!$D$9:$D$38*'14. Prespuesto gastos hijos'!$F$9:$F$38, "") -> 0
H36: =IFERROR('14. Prespuesto gastos hijos'!$D$9:$D$38*'14. Prespuesto gastos hijos'!$F$9:$F$38, "") -> 0
H37: =IFERROR('14. Prespuesto gastos hijos'!$D$9:$D$38*'14. Prespuesto gastos hijos'!$F$9:$F$38, "") -> 0
H38: =IFERROR('14. Prespuesto gastos hijos'!$D$9:$D$38*'14. Prespuesto gastos hijos'!$F$9:$F$38, "") -> 0
